| TOP OF THE 1ST |
|
Burlington Bees batting - Pitching for Quad Cities River Bandits : RHP Andy Harrigan
|
|
Pitching: RHP Andy Harrigan
|
|
|
Batting: RHB Khalil Thurston
|
0-0: Ball 1-0: SOLO HOME RUN (Flyball, 9D, EV 99.4 MPH), Distance : 396 ft
|
|
Batting: RHB Nick Lombardo
|
0-0: Ball 1-0: SINGLE (Groundball, 6MD, EV 98.8 MPH) (infield hit)
|
|
Batting: LHB Dave Hicks
|
0-0: Ball 1-0: Fielders Choice at 2nd, 3-6 (Groundball, 3, EV 81.2 MPH)
|
|
Batting: RHB Timoleon Tsikouna
|
0-0: Ball 1-0: Fielders Choice at 2nd, 6-4 (Groundball, 6, EV 109.4 MPH)
|
|
Batting: RHB Dean LeCroy
|
0-0: Called Strike 0-1: Ball 1-1: Foul Ball, location: 2F 1-2: Ball 2-2: Strikes out swinging
|
| Top of the 1st over - 1 run, 2 hits, 0 errors, 1 left on base; Burlington 1 - Quad Cities 0 |
| BOTTOM OF THE 1ST |
|
Quad Cities River Bandits batting - Pitching for Burlington Bees : LHP Mark Sanders
|
|
Pitching: LHP Mark Sanders
|
|
|
Batting: LHB Glenn Lowther
|
0-0: Reached on error, E5 (Groundball, 5L, EV 83.8 MPH)
|
|
Batting: RHB Edgar Trejo
|
0-0: Called Strike Glenn Lowther steals 2nd base (no throw) 0-1: DOUBLE (Line Drive, 5D, EV 98.1 MPH) Glenn Lowther scores
|
|
Batting: SHB Dan Castaneda
|
0-0: Ball 1-0: Called Strike 1-1: Swinging Strike 1-2: Ground out 5-3 (Groundball, 56, EV 109.4 MPH)
|
|
Batting: RHB Andrew Pride
|
0-0: Ball 1-0: Ball 2-0: Ball 3-0: Base on Balls
|
|
Batting: RHB Dinand Brouwer
|
0-0: Grounds into double play, 3-6-1 (Groundball, 3S, EV 84.4 MPH)
|
| Bottom of the 1st over - 1 run, 1 hit, 1 error, 1 left on base; Burlington 1 - Quad Cities 1 |
| TOP OF THE 2ND |
|
Burlington Bees batting - Pitching for Quad Cities River Bandits : RHP Andy Harrigan
|
|
Batting: RHB T.J. Gray
|
0-0: Ball 1-0: Ball 2-0: Ball 3-0: Base on Balls
|
|
Batting: RHB Wilford Harper
|
0-0: Ball T.J. Gray is caught stealing 2nd base 2-4 1-0: Ball 2-0: Called Strike 2-1: Called Strike 2-2: Strikes out swinging
|
|
Batting: RHB Peter Westover
|
0-0: Ball 1-0: Called Strike 1-1: Called Strike 1-2: Ball 2-2: Foul Ball, location: 2F 2-2: Foul Ball, location: 2F 2-2: Strikes out swinging
|
| Top of the 2nd over - 0 runs, 0 hits, 0 errors, 0 left on base; Burlington 1 - Quad Cities 1 |
| BOTTOM OF THE 2ND |
|
Quad Cities River Bandits batting - Pitching for Burlington Bees : LHP Mark Sanders
|
|
Batting: RHB Tim Persson
|
0-0: Ground out 4-3 (Groundball, 4, EV 91.9 MPH)
|
|
Batting: LHB Jackson Trottier
|
0-0: Called Strike 0-1: Ground out 6-3 (Groundball, 6D, EV 101.2 MPH)
|
|
Batting: RHB Steve Moore
|
0-0: Ball 1-0: Called Strike 1-1: Ball 2-1: Ball 3-1: Base on Balls
|
|
Batting: RHB Lee Wright
|
0-0: Ground out 5-3 (Groundball, 5S, EV 63.8 MPH)
|
| Bottom of the 2nd over - 0 runs, 0 hits, 0 errors, 1 left on base; Burlington 1 - Quad Cities 1 |
| TOP OF THE 3RD |
|
Burlington Bees batting - Pitching for Quad Cities River Bandits : RHP Andy Harrigan
|
|
Batting: SHB Tim Connell
|
0-0: Called Strike 0-1: Ball 1-1: Foul Ball, location: 2F 1-2: Ball 2-2: Foul Ball, location: 2F 2-2: Strikes out swinging
|
|
Batting: RHB Khalil Thurston
|
0-0: Called Strike 0-1: Ball 1-1: Foul Ball, location: 2F 1-2: Strikes out swinging
|
|
Batting: RHB Nick Lombardo
|
0-0: Foul Ball, location: 2F 0-1: Foul Ball, location: 2F 0-2: Ball 1-2: Ball 2-2: SINGLE (Flyball, 9S, EV 88.1 MPH)
|
|
Batting: LHB Dave Hicks
|
0-0: Called Strike Nick Lombardo steals 2nd base 0-1: Ball 1-1: Foul Ball, location: 2F 1-2: Ball 2-2: Ball 3-2: Base on Balls
|
|
Batting: RHB Timoleon Tsikouna
|
0-0: Ball 1-0: Ball 2-0: Ball 3-0: Called Strike 3-1: Fielders Choice at 2nd, 5-4 (Groundball, 56, EV 91.9 MPH)
|
| Top of the 3rd over - 0 runs, 1 hit, 0 errors, 2 left on base; Burlington 1 - Quad Cities 1 |
| BOTTOM OF THE 3RD |
|
Quad Cities River Bandits batting - Pitching for Burlington Bees : LHP Mark Sanders
|
|
Batting: LHB Glenn Lowther
|
0-0: Called Strike 0-1: Ball 1-1: Ball 2-1: Foul Ball, location: 2F 2-2: Fly out, F7 (Line Drive, 7LM, EV 93.8 MPH)
|
|
Batting: RHB Edgar Trejo
|
0-0: Foul Ball, location: 2F 0-1: Ball 1-1: Ball 2-1: Fly out, F7 (Flyball, 7D, EV 99.4 MPH)
|
|
Batting: SHB Dan Castaneda
|
0-0: Swinging Strike 0-1: Called Strike 0-2: Strikes out looking
|
| Bottom of the 3rd over - 0 runs, 0 hits, 0 errors, 0 left on base; Burlington 1 - Quad Cities 1 |
| TOP OF THE 4TH |
|
Burlington Bees batting - Pitching for Quad Cities River Bandits : RHP Andy Harrigan
|
|
Batting: RHB Dean LeCroy
|
0-0: Called Strike 0-1: Ground out 5-3 (Groundball, 56, EV 88.1 MPH)
|
|
Batting: RHB T.J. Gray
|
0-0: Ground out 6-3 (Groundball, 6, EV 104.4 MPH)
|
|
Batting: RHB Wilford Harper
|
0-0: Ball 1-0: Ball 2-0: Ball 3-0: Base on Balls
|
|
Batting: RHB Peter Westover
|
0-0: SINGLE (Groundball, 6MD, EV 108.8 MPH) Wilford Harper to second
|
|
Batting: SHB Tim Connell
|
0-0: Ball 1-0: Ball 2-0: Swinging Strike 2-1: Ground out 4-3 (Groundball, 4, EV 100.6 MPH)
|
| Top of the 4th over - 0 runs, 1 hit, 0 errors, 2 left on base; Burlington 1 - Quad Cities 1 |
| BOTTOM OF THE 4TH |
|
Quad Cities River Bandits batting - Pitching for Burlington Bees : LHP Mark Sanders
|
|
Batting: RHB Andrew Pride
|
0-0: Ball 1-0: Fly out, F3 (Popup, 34S, EV 71.2 MPH)
|
|
Batting: RHB Dinand Brouwer
|
0-0: Ball 1-0: Ball 2-0: Called Strike 2-1: Ball 3-1: Fly out, F9 (Flyball, 89D, EV 98.8 MPH)
|
|
Batting: RHB Tim Persson
|
0-0: Reached on error, E3 (Groundball, 34, EV 102.5 MPH)
|
|
Batting: LHB Jackson Trottier
|
0-0: Ball Tim Persson is caught stealing 2nd base 2-6
|
| Bottom of the 4th over - 0 runs, 0 hits, 1 error, 0 left on base; Burlington 1 - Quad Cities 1 |
| TOP OF THE 5TH |
|
Burlington Bees batting - Pitching for Quad Cities River Bandits : RHP Andy Harrigan
|
|
Batting: RHB Khalil Thurston
|
0-0: Swinging Strike 0-1: Ball 1-1: Foul Ball, location: 2F 1-2: Strikes out swinging
|
|
Batting: RHB Nick Lombardo
|
0-0: Ground out 6-3 (Groundball, 6, EV 78.1 MPH)
|
|
Batting: LHB Dave Hicks
|
0-0: Ground out 3-1 (Groundball, 34, EV 86.9 MPH)
|
| Top of the 5th over - 0 runs, 0 hits, 0 errors, 0 left on base; Burlington 1 - Quad Cities 1 |
| BOTTOM OF THE 5TH |
|
Quad Cities River Bandits batting - Pitching for Burlington Bees : LHP Mark Sanders
|
|
Batting: LHB Jackson Trottier
|
0-0: Called Strike 0-1: SINGLE (Groundball, 3S, EV 64.4 MPH) (infield hit)
|
|
Batting: RHB Steve Moore
|
0-0: Called Strike 0-1: Grounds into double play, 4-6-3 (Groundball, 4M, EV 85.0 MPH)
|
|
Batting: RHB Lee Wright
|
0-0: Fly out, F8 (Flyball, 8LXD, EV 85.0 MPH)
|
| Bottom of the 5th over - 0 runs, 1 hit, 0 errors, 0 left on base; Burlington 1 - Quad Cities 1 |
| TOP OF THE 6TH |
|
Burlington Bees batting - Pitching for Quad Cities River Bandits : RHP Andy Harrigan
|
|
Batting: RHB Timoleon Tsikouna
|
0-0: Ground out 5-3 (Groundball, 56S, EV 85.0 MPH)
|
|
Batting: RHB Dean LeCroy
|
0-0: Ball 1-0: Swinging Strike 1-1: Called Strike 1-2: Strikes out swinging
|
|
Batting: RHB T.J. Gray
|
0-0: Ball 1-0: Foul Ball, location: 2F 1-1: SINGLE (Groundball, 4D, EV 107.5 MPH)
|
|
Batting: RHB Wilford Harper
|
0-0: Foul Ball, location: 2F 0-1: Ball 1-1: Ball 2-1: Ball 3-1: Swinging Strike 3-2: Strikes out swinging
|
| Top of the 6th over - 0 runs, 1 hit, 0 errors, 1 left on base; Burlington 1 - Quad Cities 1 |
| BOTTOM OF THE 6TH |
|
Quad Cities River Bandits batting - Pitching for Burlington Bees : LHP Mark Sanders
|
|
Batting: LHB Glenn Lowther
|
0-0: Called Strike 0-1: Ball 1-1: Ball 2-1: Ball 3-1: Ground out U3 (Groundball, 3, EV 105.6 MPH)
|
|
Pitching: RHP Troy Ingram
|
|
|
Batting: RHB Edgar Trejo
|
0-0: Ball 1-0: Ball 2-0: Fly out, F8 (Flyball, 8RM, EV 89.4 MPH)
|
|
Batting: SHB Dan Castaneda
|
0-0: Called Strike 0-1: Ball 1-1: Foul Ball, location: 2F 1-2: Ball 2-2: Ball 3-2: Strikes out looking
|
| Bottom of the 6th over - 0 runs, 0 hits, 0 errors, 0 left on base; Burlington 1 - Quad Cities 1 |
| TOP OF THE 7TH |
|
Burlington Bees batting - Pitching for Quad Cities River Bandits : RHP Andy Harrigan
|
|
Batting: RHB Peter Westover
|
0-0: Called Strike 0-1: Ground out 5-3 (Groundball, 56, EV 80.0 MPH)
|
|
Batting: SHB Tim Connell
|
0-0: Ball 1-0: Foul Ball, location: 2F 1-1: Foul Ball, location: 2F 1-2: Strikes out swinging
|
|
Batting: RHB Khalil Thurston
|
0-0: Called Strike 0-1: Foul Ball, location: 2F 0-2: Ball 1-2: Ball 2-2: Fly out, F8 (Flyball, 8RD, EV 88.1 MPH)
|
| Top of the 7th over - 0 runs, 0 hits, 0 errors, 0 left on base; Burlington 1 - Quad Cities 1 |
| BOTTOM OF THE 7TH |
|
Quad Cities River Bandits batting - Pitching for Burlington Bees : RHP Troy Ingram
|
|
Pitching: RHP Simon Vogel
|
|
|
Batting: RHB Andrew Pride
|
0-0: Called Strike 0-1: Foul Ball, location: 2F 0-2: Ball 1-2: SINGLE (Line Drive, 56D, EV 106.2 MPH)
|
|
Batting: RHB Dinand Brouwer
|
0-0: Called Strike Andrew Pride is caught stealing 2nd base 2-4 0-1: Fly out, F7 (Flyball, 78M, EV 91.9 MPH)
|
|
Batting: RHB Tim Persson
|
0-0: Foul Ball, location: 2F 0-1: Foul Ball, location: 2F 0-2: Strikes out looking
|
| Bottom of the 7th over - 0 runs, 1 hit, 0 errors, 0 left on base; Burlington 1 - Quad Cities 1 |
| TOP OF THE 8TH |
|
Burlington Bees batting - Pitching for Quad Cities River Bandits : RHP Andy Harrigan
|
|
Batting: RHB Nick Lombardo
|
0-0: Ball 1-0: Swinging Strike 1-1: Ball 2-1: Called Strike 2-2: Fly out, F9 (Flyball, 9S, EV 94.4 MPH)
|
|
Pitching: RHP Gabe Torres
|
|
|
Batting: LHB Dave Hicks
|
0-0: Ball 1-0: Swinging Strike 1-1: Ball 2-1: Fly out, F6 (Popup, 6S, EV 75.6 MPH)
|
|
Batting: RHB Timoleon Tsikouna
|
0-0: Called Strike 0-1: Ball 1-1: SINGLE (Groundball, 6M, EV 110.6 MPH) (infield hit)
|
|
Batting: RHB Dean LeCroy
|
0-0: Ball 1-0: Ground out 5-3 (Groundball, 5S, EV 83.1 MPH)
|
| Top of the 8th over - 0 runs, 1 hit, 0 errors, 1 left on base; Burlington 1 - Quad Cities 1 |
| BOTTOM OF THE 8TH |
|
Quad Cities River Bandits batting - Pitching for Burlington Bees : RHP Simon Vogel
|
|
Batting: LHB Jackson Trottier
|
0-0: Ball 1-0: Swinging Strike 1-1: Foul Ball, location: 2F 1-2: Strikes out swinging
|
|
Batting: RHB Steve Moore
|
0-0: Ball 1-0: Ball 2-0: Called Strike 2-1: Foul Ball, location: 2F 2-2: Ground out 5-3 (Groundball, 56, EV 100.0 MPH)
|
|
Batting: RHB Lee Wright
|
0-0: Ball 1-0: Called Strike 1-1: SINGLE (Groundball, 6MD, EV 108.8 MPH)
|
|
Batting: LHB Glenn Lowther
|
0-0: Foul Ball, location: 2F 0-1: Swinging Strike 0-2: Foul Ball, location: 2F 0-2: Fielders Choice at 2nd, 5-4 (Groundball, 56, EV 95.0 MPH)
|
| Bottom of the 8th over - 0 runs, 1 hit, 0 errors, 1 left on base; Burlington 1 - Quad Cities 1 |
| TOP OF THE 9TH |
|
Burlington Bees batting - Pitching for Quad Cities River Bandits : RHP Gabe Torres
|
|
Batting: RHB T.J. Gray
|
0-0: Fly out, F9 (Flyball, 89S, EV 92.5 MPH)
|
|
Batting: RHB Wilford Harper
|
0-0: Ball 1-0: Called Strike 1-1: Ball 2-1: Ball 3-1: SINGLE (Groundball, 6MD, EV 103.1 MPH)
|
|
Batting: RHB Peter Westover
|
0-0: Ball 1-0: Ball 2-0: Ball 3-0: Called Strike 3-1: Foul Ball, location: 2F 3-2: Base on Balls Wilford Harper to second
|
|
Batting: SHB Tim Connell
|
0-0: Ball 1-0: Ball 2-0: Ball 3-0: Called Strike 3-1: Foul Ball, location: 2F 3-2: Strikes out swinging
|
|
Batting: RHB Khalil Thurston
|
0-0: Foul Ball, location: 2F 0-1: Ball 1-1: Foul Ball, location: 2F 1-2: Strikes out swinging
|
| Top of the 9th over - 0 runs, 1 hit, 0 errors, 2 left on base; Burlington 1 - Quad Cities 1 |
| BOTTOM OF THE 9TH |
|
Quad Cities River Bandits batting - Pitching for Burlington Bees : RHP Simon Vogel
|
|
Pitching: RHP In Bea
|
|
|
Batting: RHB Edgar Trejo
|
0-0: Swinging Strike 0-1: Hit by Pitch
|
|
Batting: SHB Dan Castaneda
|
0-0: Foul Ball, location: 2F 0-1: Called Strike 0-2: Fielders Choice at 2nd, 2-6 (Groundball, 2R, EV 68.8 MPH)
|
|
Batting: RHB Andrew Pride
|
0-0: Ball 1-0: DOUBLE (Line Drive, 8LD, EV 90.0 MPH) Dan Castaneda to third
|
|
Batting: RHB Dinand Brouwer
|
0-0: Ball 1-0: Fielders Choice at home, 6-2 (Groundball, 56, EV 83.8 MPH) Andrew Pride to third
|
|
Batting: RHB Tim Persson
|
0-0: Ball 1-0: Foul Ball, location: 2F 1-1: Foul Ball, location: 2F 1-2: Ball 2-2: Ball 3-2: Strikes out swinging
|
| Bottom of the 9th over - 0 runs, 1 hit, 0 errors, 2 left on base; Burlington 1 - Quad Cities 1 |
| TOP OF THE 10TH |
|
Burlington Bees batting - Pitching for Quad Cities River Bandits : RHP Gabe Torres
|
|
Batting: RHB Nick Lombardo
|
0-0: Fly out, F9 (Line Drive, 89M, EV 91.2 MPH)
|
|
Batting: LHB Dave Hicks
|
0-0: Swinging Strike 0-1: Foul Ball, location: 2F 0-2: Fly out, F8 (Flyball, 8LS, EV 87.5 MPH)
|
|
Batting: RHB Timoleon Tsikouna
|
0-0: Called Strike 0-1: Ball 1-1: Foul Ball, location: 2F 1-2: Strikes out swinging, 2-3 out at first.
|
| Top of the 10th over - 0 runs, 0 hits, 0 errors, 0 left on base; Burlington 1 - Quad Cities 1 |
| BOTTOM OF THE 10TH |
|
Quad Cities River Bandits batting - Pitching for Burlington Bees : RHP In Bea
|
|
Pitching: RHP Josh Reynolds
|
|
|
Batting: LHB Jackson Trottier
|
0-0: Ball 1-0: Ground out U3 (Groundball, 3S, EV 88.8 MPH)
|
|
Batting: RHB Steve Moore
|
0-0: Ball 1-0: Foul Ball, location: 2F 1-1: Fly out, F9 (Flyball, 9LS, EV 76.2 MPH)
|
|
Batting: RHB Lee Wright
|
0-0: Ball 1-0: Ground out 6-3 (Groundball, 56, EV 86.9 MPH)
|
| Bottom of the 10th over - 0 runs, 0 hits, 0 errors, 0 left on base; Burlington 1 - Quad Cities 1 |
| TOP OF THE 11TH |
|
Burlington Bees batting - Pitching for Quad Cities River Bandits : RHP Gabe Torres
|
|
Batting: RHB Dean LeCroy
|
0-0: Foul Ball, location: 2F 0-1: Ball 1-1: Foul Ball, location: 2F 1-2: Ball 2-2: Ball 3-2: Base on Balls
|
|
Pitching: RHP Omar Pineda
|
|
|
Pinch Hitting: LHB Edgar van der Meeren
|
0-0: Called Strike 0-1: Ball 1-1: Swinging Strike 1-2: Strikes out looking
|
|
Pinch Hitting: LHB Mario Anguiano
|
0-0: Called Strike Dean LeCroy steals 2nd base 0-1: Ball 1-1: SINGLE (Groundball, 13S, EV 69.4 MPH) (infield hit) Dean LeCroy to third
|
|
Batting: RHB Peter Westover
|
0-0: Ball 1-0: Ball 2-0: SINGLE (Line Drive, 56D, EV 99.4 MPH) Dean LeCroy scores Mario Anguiano to second
|
|
Batting: SHB Tim Connell
|
0-0: Called Strike 0-1: SINGLE (Groundball, 25, EV 73.1 MPH) (infield hit) Mario Anguiano to third Peter Westover to second
|
|
Batting: RHB Khalil Thurston
|
0-0: Ball 1-0: Fly out, F8 (Line Drive, 8RD, EV 104.4 MPH) Runner from 3rd tags up, SCORES, throw by CF
|
|
Batting: RHB Nick Lombardo
|
0-0: Ball 1-0: Fly out, F9 (Flyball, 9S, EV 86.2 MPH)
|
| Top of the 11th over - 2 runs, 3 hits, 0 errors, 2 left on base; Burlington 3 - Quad Cities 1 |
| BOTTOM OF THE 11TH |
|
Quad Cities River Bandits batting - Pitching for Burlington Bees : RHP Josh Reynolds
|
|
Now at C: Edgar van der Meeren
|
|
|
Now in LF: Ricky Mejicanos
|
|
|
Batting: LHB Glenn Lowther
|
0-0: Swinging Strike 0-1: Ball 1-1: Ball 2-1: Swinging Strike 2-2: Ball 3-2: Base on Balls
|
|
Batting: RHB Edgar Trejo
|
0-0: Ball 1-0: Ball 2-0: Swinging Strike 2-1: Fly out, F7 (Flyball, 78M, EV 85.6 MPH)
|
|
Batting: SHB Dan Castaneda
|
0-0: Ball 1-0: Called Strike 1-1: Called Strike 1-2: Ball 2-2: Ball 3-2: Foul Ball, location: 2F 3-2: Foul Ball, location: 2F 3-2: SINGLE (Groundball, 5S, EV 73.8 MPH) (infield hit) Glenn Lowther to second
|
|
Batting: RHB Andrew Pride
|
0-0: Ball 1-0: Swinging Strike 1-1: Ball 2-1: Swinging Strike 2-2: Ball 3-2: Base on Balls Glenn Lowther to third Dan Castaneda to second
|
|
Batting: RHB Dinand Brouwer
|
0-0: Foul Ball, location: 2F 0-1: Swinging Strike 0-2: Ball 1-2: Grounds into double play, 6-4-3 (Groundball, 6, EV 91.2 MPH)
|
| Bottom of the 11th over - 0 runs, 1 hit, 0 errors, 2 left on base; Burlington 3 - Quad Cities 1 |
|